 Dungeon Crawl Stone Soup version 0.15.1-1-gfacfea3 (webtiles) character file.

820 DrPain the Prestidigitator (level 7, 0/33 HPs)
             Began as a Spriggan Assassin on Sept 22, 2014.
             Slain by hyperadvil's ghost (13 damage)
             ... on Level 5 of the Dungeon.
             The game lasted 00:14:03 (6922 turns).

DrPain the Prestidigitator (Spriggan Assassin)      Turns: 6922, Time: 00:14:03

HP   0/33        AC  5     Str  7      XL: 7   Next: 63%
MP  21/21        EV 22     Int 13      God:
Gold 181         SH  0     Dex 19      Spells:  0 memorised,  6 levels left

rFire  + . .     SeeInvis +     W - +0 dagger (elec)
rCold  . . .     Clarity  .     n - +2 robe {rF+}
rNeg   . . .     rCorr    .     (shield restricted)
rPois  .         rRot     .     (helmet restricted)
rElec  .         Spirit   .     d - +0 cloak
SustAb .         Warding  .     (gloves unavailable)
rMut   .         Stasis   .     (boots unavailable)
Gourm  .                        (no amulet)
MR     +....                    (no ring)
                                p - ring of invisibility

@: very quick, somewhat resistant to hostile enchantments, stealthy
A: unfitting armour, see invisible, herbivore 3, speed 3, slow metabolism 2
a: Evoke Invisibility


You were on level 5 of the Dungeon.
You were not hungry.

You visited 1 branch of the dungeon, and saw 5 of its levels.
You also visited: Sewer.

You collected 181 gold pieces.

Inventory:

Hand weapons
 f - a +0 blowgun
 w - a +2 dagger of venom
 W - a +0 dagger of electrocution (weapon)
Missiles
 e - 32 poisoned needles
 i - a curare-tipped needle
Armour
 c - a +0 robe
 d - a +0 cloak (worn)
 n - a +2 robe of fire resistance (worn)
Comestibles
 l - a bread ration
Scrolls
 b - 2 scrolls of fear
 h - 2 scrolls of teleportation
 m - a scroll of enchant armour
 o - a scroll of remove curse
Jewellery
 j - a +2 ring of intelligence
 p - a ring of invisibility (left hand)
Potions
 a - a potion of restore abilities
 g - a potion of porridge
 k - 2 potions of curing
 q - a potion of heal wounds


   Skills:
 - Level 1.5 Fighting
 - Level 6.0 Short Blades
 - Level 2.1 Throwing
 + Level 5.6 Dodging
 - Level 5.8 Stealth
 - Level 8.0 Evocations


You had 6 spell levels left.
You didn't know any spells.

Dungeon Overview and Level Annotations

Branches:
Dungeon (5/15)
 Temple: D:4-7

Altars:
Elyvilon
Kikubaaqudgha
Sif Muna

Annotations:
D:5 hyperadvil's ghost, experienced MiDK


Innate Abilities, Weirdness & Mutations

You are tiny and cannot use many weapons and most armour.
You have supernaturally acute eyesight.
You are a herbivore.
You cover ground extremely quickly.
You need consume almost no food.


Message History

Hyperadvil's ghost is almost destroyed.
Hyperadvil's ghost hits you.
You hit hyperadvil's ghost but do no damage.
Hyperadvil's ghost is almost destroyed.
Hyperadvil's ghost says, "First you will die, then you will suffer."
Hyperadvil's ghost hits you but does no damage.
You hit hyperadvil's ghost.
Hyperadvil's ghost is almost destroyed.
You hit hyperadvil's ghost but do no damage.
Hyperadvil's ghost is almost destroyed.
Hyperadvil's ghost misses you.
You hit hyperadvil's ghost.
Hyperadvil's ghost is almost destroyed.
Hyperadvil's ghost hits you!
You closely miss hyperadvil's ghost.
Hyperadvil's ghost is almost destroyed.
You barely miss hyperadvil's ghost.
Hyperadvil's ghost is almost destroyed.
Hyperadvil's ghost hits you!
You die...

#.# #.# ##.##
.########..[##
.........#..<####
.########..[#...#
#..##...#####.#
#.###.........#
#.@W...########
########


You could see hyperadvil's ghost.

Vanquished Creatures
  Sigmund (D:2)
  5 big kobolds (Sewer)
  2 orc priests (D:4)
  4 orc wizards
  A worker ant (D:4)
  6 green rats (Sewer)
  8 adders
  A giant mite (D:4)
  3 worms
  A giant gecko (D:4)
  An ooze (Sewer)
  4 orcs (D:4)
  5 ball pythons
  13 bats
  4 giant cockroaches
  8 hobgoblins
  4 jackals
  A quokka (D:2)
  4 giant newts
  7 goblins
  2 goblin skeletons (D:4)
  11 kobolds
  8 rats
104 creatures vanquished.

Notes
Turn   | Place    | Note
--------------------------------------------------------------
     0 | D:1      | DrPain, the Spriggan Assassin, began the quest for the Orb.
     0 | D:1      | Reached XP level 1. HP: 10/10 MP: 2/2
   539 | D:1      | Reached XP level 2. HP: 12/14 MP: 4/4
  1091 | D:2      | Found an ancient bone altar of Kikubaaqudgha.
  1273 | D:2      | Found a deep blue altar of Sif Muna.
  1291 | D:2      | Reached XP level 3. HP: 18/18 MP: 6/6
  1298 | D:2      | Found a white marble altar of Elyvilon.
  1424 | D:2      | Noticed Sigmund
  1450 | D:2      | Killed Sigmund
  1450 | D:2      | Reached skill level 5 in Short Blades
  1450 | D:2      | Reached XP level 4. HP: 4/22 MP: 8/8
  2566 | D:3      | Reached XP level 5. HP: 25/25 MP: 10/10
  3073 | D:4      | Reached skill level 6 in Short Blades
  3129 | D:4      | Reached skill level 1 in Evocations
  3422 | D:4      | Found a glowing drain.
  3433 | Sewer    | Entered a sewer
  3877 | Sewer    | Reached XP level 6. HP: 25/30 MP: 14/16
  3893 | Sewer    | Reached skill level 5 in Evocations
  4727 | Sewer    | Reached skill level 7 in Evocations
  4766 | Sewer    | Reached XP level 7. HP: 29/33 MP: 21/21
  4820 | Sewer    | Reached skill level 8 in Evocations
  5625 | D:5      | Entered Level 5 of the Dungeon
  5911 | D:4      | HP: 1/33 [orc priest/nerve-wracking pain (4)]
  6340 | D:4      | Reached skill level 5 in Dodging
  6877 | D:5      | Noticed hyperadvil's ghost (experienced MiDK)
  6922 | D:5      | Slain by hyperadvil's ghost

Action                   |  1- 3 |  4- 6 |  7- 9 || total
-------------------------+-------+-------+-------++-------
Melee: Dagger            |    68 |   154 |   138 ||   360
 Fire: Blowgun           |    11 |    26 |     9 ||    46
 Abil: Evoke Invisibilit |       |     1 |     1 ||     2
  Use: Potion            |     2 |     3 |     1 ||     6
       Scroll            |       |    11 |     3 ||    14
 Stab: Sleeping          |    10 |    17 |     2 ||    29
  Eat: Bread ration      |       |     1 |       ||     1
